 Dungeon Crawl Stone Soup version 0.28.0-53-g5a82cb258f (webtiles) character file.

Game seed: 12804612864602359843

9938 kudzoo the Placeless Spriggan (level 11, -1/54 HPs)
             Began as a Spriggan Warper on Aug 2, 2022.
             Was a Follower of Yredelemnul.
             Slain by a manticore (7 damage)
             ... on level 11 of the Dungeon on Aug 6, 2022.
             The game lasted 04:18:43 (17451 turns).

kudzoo the Placeless Spriggan (Spriggan Warper)    Turns: 17451, Time: 04:18:48

Health: -1/54      AC:  7    Str:  7    XL:     11   Next: 29%
Magic:  15/20      EV: 22    Int: 16    God:    Yredelemnul [*.....]
Gold:   431        SH:  0    Dex: 18    Spells: 14/23 levels left

rFire   . . .      SeeInvis +   c - +0 whip (venom)
rCold   . . .      Faith    .   (no shield)
rNeg    . . .      Spirit   .   E - +0 robe of Miwim {Slay+2 Stlth+}
rPois   .          Reflect  .   A - +0 hat
rElec   .          Harm     .   R - +0 cloak
rCorr   .          Rampage  .   (gloves unavailable)
Will    +....      Clarity  +   (boots unavailable)
Stlth   +++++.....              T - amulet of the acrobat
HPRegen 0.18/turn               k - +4 ring of protection
MPRegen 0.17/turn               Y - +4 ring of slaying

@: marked, portalling projectiles, very quick
A: very small, no large weapons, unfitting armour, see invisible, speed 3,
clarity, low MP 1
a: Renounce Religion, Recall Undead Harvest


You were on level 11 of the Dungeon.
You worshipped Yredelemnul.
Yredelemnul was noncommittal.
You visited 3 branches of the dungeon, and saw 13 of its levels.

You collected 587 gold pieces.
You spent 156 gold pieces at shops.

Inventory:

Hand Weapons
 a - a +5 short sword of freezing
 b - a +0 shortbow
 c - a +0 whip of venom (weapon)
 t - a +0 hunting sling
 u - a +4 flail
 D - a +0 whip of electrocution
 F - a +5 mace
 J - a +0 war axe of flaming
 U - a +4 flail
 V - a +0 hand crossbow
Missiles
 d - 2 throwing nets
 e - 134 bolts
 h - 284 stones (quivered)
 j - 14 poisoned darts
 m - 185 arrows
 O - 77 sling bullets
 P - 2 boomerangs
Armour
 l - a +0 robe
 o - the +2 helmet of Happy Babbling {Rampage rF+ Str+2 Int+3}
   (You found it on level 2 of the Dungeon)

   Str:       It affects your strength (+2).
   Int:       It affects your intelligence (+3).
   rF:        It protects you from fire.
   Rampage:   It bestows one free step when moving towards enemies.
 A - a +0 hat (worn)
 E - the +0 robe of Miwim (worn) {Slay+2 Stlth+}
   (You bought it in a shop on level 8 of the Dungeon)

   Slay:      It affects your accuracy & damage with ranged weapons and melee
   (+2).
   Stlth:     It makes you more stealthy.
 K - +0 steam dragon scales
 N - a +0 buckler
 Q - an orb of mayhem
 R - a +0 cloak (worn)
Magical Staves
 y - a staff of poison
Jewellery
 k - a +4 ring of protection (left hand)
 T - an amulet of the acrobat (around neck)
 Y - a +4 ring of slaying (right hand)
Wands
 v - a wand of acid (11)
 H - a wand of mindburst (7)
 I - a wand of polymorph (6)
 W - a wand of charming (12)
Scrolls
 g - a scroll of holy word {unknown}
 p - 3 scrolls of blinking
 q - 2 scrolls of vulnerability
 s - a scroll of enchant weapon {unknown}
 x - a scroll of torment {unknown}
 z - a scroll of amnesia {unknown}
 B - 3 scrolls of magic mapping
 L - a scroll of summoning {unknown}
 M - 2 scrolls of teleportation
 S - a scroll of fog
 X - a scroll of fear {unknown}
 Z - a scroll of immolation {unknown}
Potions
 f - 3 potions of might
 i - 2 potions of berserk rage
 n - 5 potions of brilliance
 r - a potion of curing
 w - 3 potions of lignification
 C - 3 potions of haste
 G - 2 potions of flight


   Skills:
 * Level 4.4 Fighting
 + Level 5.0 Short Blades
 + Level 2.2 Maces & Flails
 - Level 6.1(6.2) Slings
 * Level 8.4 Bows
 + Level 1.0(3.3) Throwing
 * Level 7.6 Dodging
 * Level 8.7 Stealth
 * Level 6.9 Spellcasting
 + Level 5.6 Hexes
 + Level 9.5 Translocations
 * Level 2.3 Air Magic
 * Level 5.4 Invocations


You had 14 spell levels left.
You knew the following spells:

 Your Spells              Type           Power      Damage    Failure   Level
a - Blink                 Tloc           72%        N/A       1%          2
b - Apportation           Tloc           72%        N/A       1%          1
c - Teleport Other        Tloc           36%        N/A       1%          3
d - Portal Projectile     Hex/Tloc       58%        N/A       1%          3

Your spell library contained the following spells:

 Spells                   Type           Power      Damage    Failure   Level
 Gell's Gravitas          Tloc           36%        N/A       1%          3
 Lesser Beckoning         Tloc           36%        N/A       1%          3
 Manifold Assault         Tloc           36%        N/A       7%          5
 Shock                    Conj/Air       36%        1d5       8%          1
 Animate Skeleton         Necr           10%        N/A       13%         1
 Beastly Appendage        Tmut           10%        N/A       13%         1
 Pain                     Necr           20%        1d5       13%         1
 Summon Small Mammal      Summ           20%        N/A       13%         1
 Swiftness                Air            13%        N/A       14%         3
 Wereblood                Tmut           5%         N/A       19%         2
 Call Canine Familiar     Summ           5%         N/A       36%         3
 Spider Form              Tmut/Pois      5%         N/A       36%         3
 Vampiric Draining        Necr           5%         2d6       36%         3
 Leda's Liquefaction      Hex/Erth       7%         N/A       36%         4
 Airstrike                Air            6%         N/A       43%         4


Dungeon Overview and Level Annotations

Branches:
Dungeon (11/15)            Temple (1/1) D:4            Lair (0/6) D:10
    Orc (1/2) D:9

Altars:
Ashenzari
Cheibriados
Dithmenos
Elyvilon
Fedhas
Gozag
Kikubaaqudgha
Makhleb
Nemelex Xobeh
Okawaru
Qazlal
Ru
Sif Muna
Trog
Uskayaw
Vehumet
Wu Jian
Xom
Yredelemnul
Zin
The Shining One

Shops:
D:2 [   D:7 *   D:8 [==:   D:9 ?

Portals:
Ice
Cave: D:11

Annotations:
D:4 1 transporter
D:9 2 transporters
D:10 foggy corridor


Innate Abilities, Weirdness & Mutations

You are very small and have problems with some larger weapons.
You are too small for most types of armour.
You have supernaturally acute eyesight. (SInv)
You cover ground extremely quickly. (Speed+++)
You possess an exceptional clarity of mind.
Your magical capacity is low. (-10% MP)


Message History

The floor.
Unknown command.
Casting: Portal Projectile (safe; 1% risk of failure)
Confirm with . or Enter, or press ? or * to list all spells.
You begin teleporting projectiles to their destination.
Fire: 188 arrows
Press: ? - help, Q - select action, (/) - cycle Shift-Dir - straight line, f - manticore
Aim: a manticore (82% to hit)
You magically shoot an arrow.
The arrow hits the manticore!
The manticore is lightly wounded.
Fire: 187 arrows
Press: ? - help, Q - select action, (/) - cycle Shift-Dir - straight line, f/p - manticore
Aim: a manticore (lightly wounded, ally target, 82% to hit)
You magically shoot an arrow.
The arrow hits the manticore but does no damage.
The manticore is lightly wounded.
The manticore flicks its tail.
The volley of spikes hits your two-headed ogre zombie!!
Fire: 186 arrows
Press: ? - help, Q - select action, (/) - cycle Shift-Dir - straight line, f/p - manticore
Aim: a manticore (lightly wounded, ally target, 82% to hit)
You magically shoot an arrow.
The arrow hits the manticore.
The manticore is moderately wounded.
Your two-headed ogre zombie hits the manticore.
Your two-headed ogre zombie hits the manticore but does no damage.
Your +0 whip of venom begins to drip with poison!
c - a +0 whip of venom (weapon)
The manticore completely misses you. x2; The manticore misses you.
You hit the manticore.
The manticore is poisoned.
The manticore is heavily wounded.
Your two-headed ogre zombie barely misses the manticore.
Your two-headed ogre zombie hits the manticore but does no damage.
The manticore bites you!! The manticore claws you! The manticore misses you.
You hit the manticore.
The manticore is heavily wounded.
The manticore bites you!!
* * * LOW HITPOINT WARNING * * *
The manticore completely misses you. The manticore claws you!
You die...
Your body rises from the dead as a mindless zombie.

# ############### #
#.............# ######## #
#.............# #.......
#########.........<...# #.......
##.....##......H@.....####.......
##.....##...((.Z......##.........
''.....'.........................
##.....#########.##.#............
##.....# #######.##.#.....#<#....
##.....# #....^..##.##.##.#.#.###
##.....# #.########.........#...#
##.....# #.##### #.##....#####.#
##.....# #..Z..# #.####### #.#


You could see a manticore (very poisoned, ally target) and a friendly two-headed
ogre zombie (skewered).

Vanquished Creatures
  Harold (D:7)
  A two-headed ogre (D:11)
  Joseph (D:7)
  Maggie (D:6)
  A wyvern (D:9)
  14 yaks
  Eustachio (D:6)
  2 water moccasins
  2 orc warriors
  A sky beast (D:8)
  An ice beast (D:7)
  A black bear (D:10)
  A necrophage (D:5)
  3 ogres (D:5)
  6 centaurs
  A phantom (D:7)
  Blork the orc (D:6)
  2 kobold brigands
  2 gnoll sergeants
  5 bullfrogs
  7 killer bees
  8 wights
  2 howler monkeys
  A hound (D:5)
  2 centaur zombies
  A jelly (D:6)
  A bullfrog zombie (D:5)
  4 orc priests
  A centaur skeleton (D:5)
  A gnoll shaman (D:9)
  2 iguanas
  3 orc wizards
  A killer bee zombie (D:8)
  A howler monkey zombie (D:8)
  9 gnolls (D:9)
  2 adders (D:3)
  2 shadow imps (D:7)
  2 white imps
  A worm (D:4)
  2 dart slugs
  18 orcs
  6 endoplasms
  2 giant cockroaches
  4 goblins
  5 hobgoblins
  2 jackals (D:5)
  12 kobolds
  A quokka (D:5)
  7 ball pythons
  6 bats
  3 frilled lizards
  5 rats
172 creatures vanquished.

Vanquished Creatures (collateral kills)
  Pikel (D:5)
  A hornet (D:8)
  2 yaks
  A steam dragon (D:8)
  A water moccasin (D:7)
  An ice beast (D:5)
  A black bear (D:10)
  An ogre (D:7)
  A centaur (D:6)
  A lemure (D:5)
  A scorpion (D:5)
  2 killer bees (D:6)
  A bullfrog zombie (D:5)
  2 centaur zombies
  A jelly (D:5)
  A hound (D:7)
  A bullfrog skeleton (D:5)
  An orc wizard (D:7)
  3 gnolls
  A white imp (D:5)
  4 orcs
  A giant cockroach (D:3)
  A goblin (D:3)
31 creatures vanquished.

Vanquished Creatures (others)
  3 yak zombies
  3 bullfrog zombies
  3 centaur zombies
  A scorpion zombie (D:5)
  An ogre zombie (D:5)
  4 killer bee zombies
  A hound zombie (D:5)
  A spectral jelly (D:6)
  A steam dragon zombie (D:8)
  An adder zombie (D:3)
  2 iguana zombies
  11 orc zombies
  A spectral shadow imp (D:7)
  A bat zombie (D:3)
  7 gnoll zombies
  A giant cockroach zombie (D:3)
  A jackal zombie (D:5)
  4 kobold zombies
  A quokka zombie (D:5)
  A spectral endoplasm (D:3)
  18 fungi
  24 plants (D:10)
91 creatures vanquished.

Grand Total: 294 creatures vanquished

Notes
Turn   | Place    | Note
-------+----------+-------------------------------------------
     0 | D:1      | kudzoo the Spriggan Warper began the quest for the Orb.
     0 | D:1      | Reached XP level 1. HP: 10/10 MP: 5/5
   194 | D:1      | Reached skill level 1 in Stealth
   526 | D:1      | Reached XP level 2. HP: 14/14 MP: 6/6
   826 | D:1      | Found a faded altar of an unknown god.
  1242 | D:2      | Learned a level 2 spell: Blink
  1377 | D:2      | Found Fialalaz's Armour Boutique.
  1394 | D:2      | Identified the +2 helmet of Happy Babbling {Rampage rF+
                  | Str+2 Int+3}
  1891 | D:3      | Found a sacrificial altar of Ru.
  1974 | D:3      | Reached XP level 3. HP: 12/18 MP: 8/8
  2304 | D:3      | Reached skill level 1 in Slings
  2409 | D:4      | Found a staircase to the Ecumenical Temple.
  2426 | Temple   | Entered the Ecumenical Temple
  2475 | Temple   | Became a worshipper of Yredelemnul the Dark
  2507 | D:4      | Found a transporter.
  2531 | D:4      | Noticed a small abomination
  2565 | D:4      | Noticed an ogre
  2597 | D:5      | Entered Level 5 of the Dungeon
  2597 | D:5      | Noticed a scorpion
  2685 | D:3      | Reached * piety under Yredelemnul
  2994 | D:3      | Reached skill level 1 in Invocations
  2994 | D:3      | Reached XP level 4. HP: 5/22 MP: 7/9
  3325 | D:4      | Learned a level 1 spell: Apportation
  3345 | D:4      | Learned a level 3 spell: Teleport Other
  3348 | D:4      | Noticed a small abomination
  3375 | D:4      | Noticed a phantom
  3852 | D:4      | Reached skill level 5 in Translocations
  4000 | D:5      | Noticed a necrophage
  4112 | D:5      | Killed a necrophage
  4113 | D:5      | Reached XP level 5. HP: 8/26 MP: 10/10
  4425 | D:5      | Noticed an ogre
  4554 | D:5      | Killed an ogre
  4555 | D:5      | Reached XP level 6. HP: 30/30 MP: 11/11
  5315 | D:5      | Reached XP level 7. HP: 15/34 MP: 13/13
  5506 | D:5      | Reached skill level 5 in Slings
  5506 | D:5      | Reached skill level 6 in Translocations
  5647 | D:5      | Reached ** piety under Yredelemnul
  6070 | D:5      | Reached *** piety under Yredelemnul
  6305 | D:5      | Reached skill level 1 in Hexes
  6443 | D:5      | Noticed Pikel
  6466 | D:5      | Killed Pikel
  6467 | D:5      | Reached skill level 5 in Stealth
  6467 | D:5      | Reached XP level 8. HP: 6/39 MP: 12/15
  7005 | D:6      | Noticed Eustachio
  7005 | D:6      | Found a shimmering blue altar of Sif Muna.
  7119 | D:6      | Found a radiant altar of Vehumet.
  7202 | D:6      | Reached skill level 1 in Bows
  7218 | D:6      | Killed Eustachio
  7219 | D:6      | Reached skill level 7 in Translocations
  7358 | D:6      | Found a blossoming altar of Fedhas.
  7370 | D:6      | Reached skill level 5 in Dodging
  7422 | D:6      | Noticed Blork the orc
  7439 | D:6      | Killed Blork the orc
  7448 | D:6      | Learned a level 3 spell: Portal Projectile
  7484 | D:6      | Your ally Blork died
  7485 | D:6      | Reached skill level 1 in Maces & Flails
  7514 | D:6      | Reached skill level 5 in Spellcasting
  7514 | D:6      | Reached XP level 9. HP: 8/43 MP: 15/17
  7828 | D:6      | Noticed Maggie
  7876 | D:6      | Killed Maggie
  8099 | D:6      | Found a white marble altar of Elyvilon.
  8443 | D:7      | Found Tufah's Gadget Gallery.
  8523 | D:7      | Noticed Joseph
  8560 | D:7      | Killed Joseph
  9118 | D:7      | Reached skill level 8 in Translocations
 10039 | D:7      | Noticed Harold
 10105 | D:7      | Killed Harold
 10106 | D:7      | Reached skill level 5 in Bows
 10106 | D:7      | Reached skill level 5 in Hexes
 10106 | D:7      | Reached XP level 10. HP: 31/49 MP: 19/19
 10606 | D:8      | Found Afaucw's Book Shop.
 10608 | D:8      | Found Urphitz's Jewellery Emporium.
 11034 | D:8      | Found Topn's Antique Armour Shop.
 11056 | D:8      | Bought a heavy robe for 114 gold pieces
 11056 | D:8      | Identified the +0 robe of Miwim {Slay+2 Stlth+} (You bought
                  | it in a shop on level 8 of the Dungeon)
 11149 | D:8      | Gained mutation: You sometimes lose the ability to read
                  | scrolls when taking damage. [potion of mutation]
 11150 | D:8      | Lost mutation: You sometimes lose the ability to read
                  | scrolls when taking damage. [potion of mutation]
 11150 | D:8      | Gained mutation: Your magical capacity is low. (-10% MP)
                  | [potion of mutation]
 11150 | D:8      | Gained mutation: You possess an exceptional clarity of
                  | mind. [potion of mutation]
 11286 | D:8      | Found Motriuha's Jewellery Emporium.
 11779 | D:8      | Reached skill level 5 in Short Blades
 12019 | D:7      | Reached skill level 9 in Translocations
 13262 | D:9      | Found a staircase to the Orcish Mines.
 13266 | D:9      | Noticed a +0 hand axe
 13267 | D:9      | Noticed a +0 hand axe
 13427 | D:8      | Reached skill level 1 in Air Magic
 14077 | D:9      | Reached skill level 5 in Invocations
 14774 | D:9      | Found a transporter.
 14775 | D:9      | Found an ancient bone altar of Kikubaaqudgha.
 14775 | D:9      | Noticed a boulder beetle
 14777 | D:9      | Found a glowing golden altar of the Shining One.
 14785 | D:9      | Noticed a deep elf pyromancer
 14823 | D:9      | Found a hide-covered altar of Uskayaw.
 15093 | D:9      | Found a transporter.
 15101 | D:9      | Noticed a wolf spider
 15101 | D:9      | a snapping turtle changed into a wolf spider
 15105 | D:9      | Noticed a jorogumo
 15105 | D:9      | a wolf spider changed into a jorogumo
 15213 | D:9      | Reached XP level 11. HP: 48/53 MP: 15/19
 15229 | D:9      | Noticed a satyr
 15401 | D:9      | Found Biohan's Magic Scroll Shoppe.
 15406 | D:9      | Bought a scroll of teleportation for 42 gold pieces
 15460 | D:10     | Entered Level 10 of the Dungeon
 15783 | Orc:1    | Entered Level 1 of the Orcish Mines
 15786 | Orc:1    | Noticed an orc warlord
 16663 | D:10     | Found a staircase to the Lair.
 16869 | D:11     | Found an iron altar of Okawaru.
 16990 | D:11     | Found a frozen archway.
 16998 | D:11     | Noticed a two-headed ogre
 17036 | D:11     | Killed a two-headed ogre
 17451 | D:11     | Slain by a manticore

Illustrated notes

Levels and vault maps discovered:
D:1:      dpeg_arrival_orchard, layout_loops_ring,
          shapermc_ecumenical_altar_flowoftime
D:2:      layout_rooms, serial_shops, shop
D:3:      layout_loops_ring, nicolae_ru_great_annihilating_truth, minmay_vboxes
D:4:      layout_basic, minmay_temple_entry_poolview,
          gammafunk_ghost_abyssal_escape
D:5:      minmay_bubble_buster, layout_loops_ring, uniq_pikel
D:6:      layout_basic, nicolae_elyvilon_peaceful_grove, lemuel_crystal_altar,
          mainiacjoe_overflow_boulevard, fedhas_altar_1, hangedman_decor_lopped,
          amcnicky_mini_pool_small, uniq_maggie, uniq_blork_the_orc,
          uniq_eustachio
D:7:      minmay_s_stair_smasher, layout_basic, minmay_misc_feat_enclosed,
          nicolae_shop_gadgets, uniq_harold, uniq_joseph
D:8:      layout_cave_pools, serial_shops, shop_statue, shop,
          nicolae_shop_stone, shop, minmay_fractal_squares_diagonal_5
D:9:      layout_irregular_city, gammafunk_temple_overflow_arena,
          dancing_weapons_uskayaw, orc_0_dummy, serial_shops,
          kennysheep_little_box, chequers_serial_rivers_micro_c
D:10:     layout_loops_ring, beargit_hepliaklqana_dungeon_heroes,
          grunt_lair_entry_orc_guard_hut, minmay_misc_feat_hallway
D:11:     layout_basic, portal_ice_cave_entry_pillars_1,
          hangedman_feature_mirror, okawaru_altar_gauntlet_db, uniq_maurice
Temple:   nicolae_temple_god_jail
Orc:1:    layout_caves

Skill      XL: |  1  2  3  4  5  6  7  8  9 10 11 |
---------------+----------------------------------+-----
Stealth        | 1 2 3 5 7 8 |  8.7
Slings         | 1 2 3 4 6 |  6.1
Short Blades   | 3 4 5 |  5.0
Invocations    | 1 2 3 4 5 |  5.4
Spellcasting   | 3 4 5 6 |  6.9
Translocations | 5 6 7 8 9 |  9.5
Fighting       | 2 3 4 |  4.4
Dodging        | 4 5 6 7 |  7.6
Hexes          | 2 3 5 |  5.6
Bows           | 2 5 8 |  8.4
Maces & Flails | 1 2 |  2.2
Air Magic      | 1 2 |  2.3
Throwing       | |  1.0

Action                   |  1- 3 |  4- 6 |  7- 9 | 10-12 || total
-------------------------+-------+-------+-------+-------++-------
Melee: Short sword       |   126 |    63 |   141 |    49 ||   379
       Whip              |    11 |    36 |    97 |   259 ||   403
       Punch             |       |     2 |     4 |     5 ||    11
       Dagger            |       |       |       |    11 ||    11
 Fire: Hunting sling     |    39 |    59 |     7 |       ||   105
       Shortbow          |       |       |    60 |   271 ||   331
Throw: Boomerang         |     4 |       |     1 |       ||     5
       Stone             |       |       |       |     1 ||     1
 Cast: Blink             |     4 |     4 |     8 |     5 ||    21
       Teleport Other    |       |     1 |       |     1 ||     2
       Portal Projectile |       |       |     7 |    41 ||    48
Invok: Recall Undead Har |     3 |     6 |    13 |     5 ||    27
       Dark Bargain      |       |       |     1 |     1 ||     2
  Use: Potion            |       |       |     3 |     3 ||     6
       Scroll            |       |       |       |    10 ||    10
 Stab: Sleeping          |     1 |     3 |     7 |     2 ||    13
       Distracted        |       |     1 |     2 |     4 ||     7
Armor: Robe              |    37 |    23 |    66 |    44 ||   170
Dodge: Dodged            |   111 |    73 |   283 |   318 ||   785
